 Dungeon Crawl Stone Soup version 0.25-a0-310-g60f0ac2d9a (webtiles) character file.

Game seed: 10541203872992267796, levelgen mode: deterministic

140 Glalom the Firebug (level 5, 0/28 HPs)
             Began as a Deep Elf Fire Elementalist on Dec 23, 2019.
             Shot with an arrow by a centaur (4 damage)
             ... on level 3 of the Dungeon.
             The game lasted 00:09:24 (3093 turns).

Glalom the Firebug (Deep Elf Fire Elementalist)     Turns: 3093, Time: 00:09:25

Health: 0/28       AC:  3    Str:  5    XL:     5   Next: 2%
Magic:  11/13      EV: 13    Int: 21    God:
Gold:   130        SH:  0    Dex: 15    Spells: 4/12 levels left

rFire    . . .     SeeInvis .   r - +2 dagger (freeze)
rCold    . . .     Gourm    .   (no shield)
rNeg     . . .     Faith    .   a - +0 robe
rPois    .         Spirit   .   (no helmet)
rElec    .         Reflect  .   (no cloak)
rCorr    .         Harm     .   s - +0 pair of gloves
MR       .....                  (no boots)
Stlth    ++........             (no amulet)
HPRegen  0.09/turn              (no ring)
MPRegen  0.13/turn              (no ring)

@: no status effects
A: no striking features
a: no special abilities


You were on level 3 of the Dungeon.
You were not hungry.

You visited 1 branch of the dungeon, and saw 3 of its levels.

You collected 130 gold pieces.

Inventory:

Hand Weapons
 m - a -1 whip
 p - a +2 hand axe of holy wrath
 r - a +2 dagger of freezing (weapon)
Armour
 a - a +0 robe (worn)
 l - +0 fire dragon scales
 s - a +0 pair of gloves (worn)
Jewellery
 e - an uncursed ring of see invisible
Scrolls
 b - a scroll of fear {unknown}
 d - 2 scrolls of immolation
 f - 2 scrolls of identify
 g - 2 scrolls of remove curse
 q - a scroll of magic mapping {unknown}
Potions
 h - a potion of heal wounds {unknown}
 i - a potion of agility {unknown}
 j - 2 potions of curing {unknown}
 k - a potion of resistance {unknown}
 n - a potion of lignification {unknown}
 o - 2 potions of magic {unknown}
Comestibles
 c - 10 rations
 t - a chunk of flesh


   Skills:
 - Level 2.4 Dodging
 - Level 2.4 Stealth
 - Level 4.0 Spellcasting
 + Level 3.1 Conjurations
 + Level 5.0 Fire Magic


You had 4 spell levels left.
You knew the following spells:

 Your Spells              Type           Power        Failure   Level  Hunger
a - Foxfire               Conj/Fire      ###.         2%          1    None
b - Conjure Flame         Conj/Fire      ###.....     7%          3    ###....
c - Sticky Flame          Conj/Fire      ###.....     22%         4    ####...

Your spell library contained the following spells:

 Spells                   Type           Power        Failure   Level  Hunger
 Beastly Appendage        Tmut           #.....       12%         1    None
 Inner Flame              Hex/Fire       ##......     13%         3    ###....
 Sticks to Snakes         Tmut           #.......     19%         2    #......
 Spider Form              Tmut/Pois      #.........   34%         3    ###....
 Ice Form                 Ice/Tmut       #.......     75%         4    ####...
 Fireball                 Conj/Fire      ###.......   52%         5    ######.
 Blade Hands              Tmut           #.........   97%         5    ######.


Dungeon Overview and Level Annotations

Branches:
Dungeon (3/15)

Altars:


Message History

Casting: Foxfire (safe; 2% risk of failure)
Confirm with . or Enter, or press ? or * to list all spells.
You conjure some foxfire!
The centaur shouts!
The centaur wields a +1 shortbow of flaming.
It bursts into flame!
The centaur shoots an arrow.
The arrow hits you. The arrow burns you.
The foxfire hits the centaur.
The centaur is lightly wounded.
The foxfire hits the centaur.
The centaur is heavily wounded.
The centaur shoots an arrow.
The arrow hits you. The arrow burns you.
You see here an arrow.
Casting: Foxfire (safe; 2% risk of failure)
Confirm with . or Enter, or press ? or * to list all spells.
You conjure some foxfire!
The centaur shoots an arrow.
The arrow hits you!!
Ouch! That really hurt!
* * * LOW HITPOINT WARNING * * *
The arrow burns you.
You die...

(...##.#.#.###.##.#########
.....#.#.#.#.####.#........
.....#.#.#.#.####.#.######
.....#.#.#.#...............
.#####.#..........#.#######
.# #.#......#.# .#
.#.#.#####.##.# .###
.#..%...(v....# ...#
#.#.#.#...v@#..#
...###'#.#....<#.#..#
.........#.#.#ยง..# ..(
.........# #.#c#.# ####
.##......#.###...#
.##.............!#
.##......#.###...#
.#####.#.# . #.##
.......#...


You could see a centaur.

Vanquished Creatures
  Terence (D:2)
  2 adders (D:2)
  An ooze (D:2)
  A worm (D:2)
  An adder skeleton (D:2)
  2 dart slugs
  A leopard gecko (D:2)
  5 orcs
  6 giant cockroaches
  7 goblins
  8 hobgoblins
  9 jackals
  9 kobolds
  A quokka (D:3)
  2 ball pythons
  3 bats
  7 frilled lizards
  5 rats
71 creatures vanquished.

Vanquished Creatures (others)
  157 foxfires
157 creatures vanquished.

Grand Total: 228 creatures vanquished

Notes
Turn   | Place    | Note
-------+----------+-------------------------------------------
     0 | D:1      | Glalom the Deep Elf Fire Elementalist began the quest for
                  | the Orb.
     0 | D:1      | Reached XP level 1. HP: 10/10 MP: 6/6
   285 | D:1      | Reached XP level 2. HP: 15/15 MP: 5/8
   584 | D:1      | Reached skill level 4 in Fire Magic
   810 | D:1      | Reached XP level 3. HP: 19/19 MP: 8/10
  1547 | D:2      | Reached XP level 4. HP: 24/24 MP: 9/11
  1698 | D:2      | Noticed Terence
  1704 | D:2      | Learned a level 3 spell: Conjure Flame
  1709 | D:2      | Learned a level 4 spell: Sticky Flame
  1729 | D:2      | Killed Terence
  2377 | D:2      | Reached skill level 5 in Fire Magic
  2969 | D:3      | Found a faded altar of an unknown god.
  2985 | D:3      | Reached XP level 5. HP: 21/28 MP: 9/13
  3089 | D:3      | Noticed a centaur
  3093 | D:3      | Shot with an arrow by a centaur

Levels and vault maps discovered:
D:1:      mrwooster_arrival_arrow, layout_basic, st_stairs_10
D:2:      layout_loops_corners, first_ration, uniq_terence
D:3:      layout_basic, chequers_ecumenical_altar_island,
          gammafunk_ghost_cemetery, uniq_robin

Skill      XL: |  1  2  3  4 |
---------------+-------------+-----
Fire Magic     | 4 5 |  5.0
Conjurations   | 2 3 |  3.1
Spellcasting   | 4 |  4.0
Dodging        | |  2.4
Stealth        | |  2.4

Action                   |  1- 3 |  4- 6 || total
-------------------------+-------+-------++-------
Melee: Whip              |     2 |     3 ||     5
 Cast: Foxfire           |    56 |    47 ||   103
       Conjure Flame     |       |     2 ||     2
       Sticky Flame      |       |     1 ||     1
  Use: Scroll            |     1 |     2 ||     3
  Eat: Chunk             |     1 |     6 ||     7
Armor: Robe              |     7 |       ||     7
Dodge: Dodged            |    15 |    11 ||    26

Table legend:
 A = Non-vault XP
 B = Vault XP
 C = Vault XP percentage of total XP
 D = Non-vault monster count
 E = Vault monster count
 F = Vault count percentage of total count
                 A         B        C        D         E       F
            +---------+---------+-------+---------+---------+-------
      Total |     160 |      40 |  20.0 |      67 |       4 |   5.6
            +---------+---------+-------+---------+---------+-------
        D:1 |      47 |       4 |   7.8 |      27 |       3 |  10.0
        D:2 |      83 |      36 |  30.3 |      26 |       1 |   3.7
        D:3 |      30 |       0 |   0.0 |      14 |       0 |   0.0
            +---------+---------+-------+---------+---------+-------
